 Dungeon Crawl Stone Soup version 0.23.2-40-g277498a001 (webtiles) character file.

Game seed: 5876143125169257591

1603 Descartes the Ruffian (level 8, -10/80 HPs)
             Began as a Troll Monk on Oct 20, 2019.
             Was a Follower of Wu Jian.
             Shot with a sling bullet by Joseph (20 damage)
             ... on level 8 of the Dungeon.
             The game lasted 00:13:31 (5687 turns).

Descartes the Ruffian (Troll Monk)                  Turns: 5687, Time: 00:13:32

Health: -10/80     AC:  6    Str: 22    XL:     8   Next: 63%
Magic:  7/7        EV: 13    Int:  8    God:    Wu Jian [*.....]
Gold:   289        SH:  0    Dex: 12    Spells: 1/7 levels left

rFire    . . .     SeeInvis .     - Unarmed
rCold    + . .     Gourm    +   (no shield)
rNeg     . . .     Faith    .   a - +0 robe
rPois    .         Spirit   .   (helmet restricted)
rElec    .         Reflect  .   (no cloak)
rCorr    .         Harm     .   (gloves unavailable)
MR       +....     Clarity  +   (boots unavailable)
Stlth    ++........             K - amulet of magic regeneration
HPRegen  0.63/turn              k - +1 ring of evasion
MPRegen  0.35/turn              F - ring of protection from cold

@: lightly drained
A: large, unfitting armour, claws 3, clarity, clever 1, fast metabolism 3,
gourmand, magic resistance 1, regeneration 1, shaggy fur 1, tough skin 3
a: Renounce Religion


You were on level 8 of the Dungeon.
You worshipped Wu Jian.
Wu Jian was aware of your devotion.
You were not hungry.

You visited 2 branches of the dungeon, and saw 9 of its levels.

You collected 337 gold pieces.
You spent 48 gold pieces at shops.

Inventory:

Hand Weapons
 d - a +0 dagger of freezing
 A - a +0 hunting sling
 M - a +0 shortbow
 Q - a +0 longbow
Missiles
 f - 183 stones (quivered)
 j - 134 arrows
 u - 25 sling bullets
 y - 65 bolts
 B - 11 javelins
 D - 11 tomahawks
 J - 3 steel javelins
Armour
 a - a +0 robe (worn)
Jewellery
 k - a +1 ring of evasion (left claw)
 r - an uncursed ring of flight
 F - a ring of protection from cold (right claw)
 K - an amulet of magic regeneration (around neck)
Wands
 n - a wand of enslavement (9)
 O - a wand of flame (9)
Scrolls
 g - 2 scrolls of blinking {unknown}
 h - 3 scrolls of amnesia {unknown}
 m - a scroll of random uselessness {unknown}
 p - 2 scrolls of magic mapping {unknown}
 q - 5 scrolls of teleportation {unknown}
 s - 4 scrolls of remove curse
 v - a scroll of fog {unknown}
 x - a scroll of enchant armour {unknown}
 E - a scroll of noise {unknown}
 G - 2 scrolls of enchant weapon {unknown}
 L - 2 scrolls of immolation {unknown}
Potions
 c - 6 potions of curing
 e - 4 potions of flight
 i - a potion of might {unknown}
 l - a potion of agility
 o - a potion of haste
 t - a potion of mutation
 w - a potion of magic
 z - 2 potions of brilliance
 C - a potion of ambrosia
 N - 2 potions of heal wounds
Comestibles
 b - 14 rations


   Skills:
 + Level 5.1(5.0) Fighting
 + Level 5.1(5.0) Dodging
 + Level 3.4(3.3) Stealth
 + Level 6.2(6.1) Unarmed Combat


You had one spell level left.
You knew the following spells:

 Your Spells              Type           Power        Failure   Level  Hunger
a - Beastly Appendage     Tmut           #.....       41%         1    ##.....
b - Blade Hands           Tmut           #.........   100%        5    ######.

Your spell library contained the following spells:

 Spells                   Type           Power        Failure   Level  Hunger
 Shock                    Conj/Air       #...         41%         1    ##.....
 Sticks to Snakes         Tmut           #.......     54%         2    ###....
 Swiftness                Chrm/Air       #.......     54%         2    ###....
 Spider Form              Tmut/Pois      #.........   78%         3    ####...
 Static Discharge         Conj/Air       #.......     78%         3    ####...
 Airstrike                Air            #.........   99%         4    #####..
 Ice Form                 Ice/Tmut       #.......     99%         4    #####..
 Lightning Bolt           Conj/Air       #.........   100%        5    ######.


Dungeon Overview and Level Annotations

Branches:
Dungeon (8/15)             Temple (1/1) D:7
   Lair: D:8-11

Altars:
Ashenzari
Cheibriados
Dithmenos
Elyvilon
Gozag
Kikubaaqudgha
Makhleb
Nemelex Xobeh
Okawaru
Qazlal
Ru
Sif Muna
Trog
Uskayaw
Vehumet
Wu Jian
Xom
Yredelemnul
Zin
The Shining One

Shops:
D:6 !

Annotations:
D:8 Joseph


Innate Abilities, Weirdness & Mutations

You are too large for most types of armour.
You have claws for hands.
Your metabolism is lightning-fast.
You like to eat raw meat.
Your natural rate of healing is unusually fast.
You are covered in fur. (AC +1)
You have extremely tough skin. (AC +3)
You possess an exceptional clarity of mind.
Your mind is acute. (Int +2)
You are resistant to hostile enchantments. (MR+)


Message History

You closely miss the bullfrog.
The bullfrog is almost dead.
The bullfrog hits you.
Joseph unwields a +1 hunting sling of freezing.
Joseph wields a +0 quarterstaff of draining.
You sense an unholy aura.
Joseph hits you with a +0 quarterstaff of draining.
You feel drained. The bullfrog misses you.
Joseph unwields a +0 quarterstaff of draining.
Joseph wields a +1 hunting sling of freezing.
It is covered in frost.
Joseph shoots a sling bullet.
The sling bullet hits you!!
* * * LOW HITPOINT WARNING * * *
The sling bullet freezes you.
* * * LOW HITPOINT WARNING * * *
You spin and attack the bullfrog.
You claw the bullfrog!
You kill the bullfrog!
The Council accepts your kill.
Joseph shoots a sling bullet.
The sling bullet hits you!!
You die...

#...# # #...#
#.#.... #.#...#
# #...... .#.#
.###.#...##.#.##
$..............
#. #.#@......#
.##..#.#..#.#..#
.......†........
.......(....#..#
......@...#.# #
................
##.?.#.##.#.#.##
#..... .......
.....#. .#.#.##


You could see Joseph.

Vanquished Creatures
  Prince Ribbit (D:5)
  A sky beast (D:3)
  An ice beast (D:6)
  An ogre (D:6)
  2 centaurs
  3 bullfrogs
  A scorpion (D:5)
  A howler monkey (D:6)
  2 crimson imps (D:5)
  A quasit (D:5)
  3 jellies (D:6)
  3 hounds
  2 orc wizards (D:7)
  3 iguanas
  2 worker ants (D:7)
  A killer bee zombie (D:7)
  A hound zombie (D:6)
  A hound skeleton (D:7)
  A gnoll (D:1)
  5 adders
  A shadow imp (D:7)
  4 adder skeletons
  3 worms
  2 dart slugs
  5 leopard geckos
  10 orcs
  4 ball pythons
  5 bats
  2 giant cockroaches
  10 goblins
  7 hobgoblins
  9 jackals
  A quokka (D:6)
  6 frilled lizards
  A jackal skeleton (D:6)
  A jackal zombie (D:6)
  15 kobolds
  A leopard gecko skeleton (D:5)
  7 rats
130 creatures vanquished.

Notes
Turn   | Place    | Note
-------+----------+-------------------------------------------
     0 | D:1      | Descartes the Troll Monk began the quest for the Orb.
     0 | D:1      | Reached XP level 1. HP: 22/22 MP: 0/0
   100 | D:1      | Reached XP level 2. HP: 29/29 MP: 1/1
   368 | D:1      | Reached XP level 3. HP: 36/36 MP: 2/2
  1091 | D:2      | Found a sparkling altar of Nemelex Xobeh.
  1173 | D:2      | Found a shattered altar of Ashenzari.
  1213 | D:2      | Found a bloodstained altar of Trog.
  1238 | D:2      | Reached XP level 4. HP: 36/44 MP: 3/3
  2030 | D:3      | Noticed a sky beast
  2040 | D:3      | Killed a sky beast
  2040 | D:3      | Reached skill level 4 in Unarmed Combat
  2040 | D:3      | Reached XP level 5. HP: 42/53 MP: 4/4
  2247 | D:3      | Found a sacrificial altar of Ru.
  2556 | D:4      | Found a deep blue altar of Sif Muna.
  2887 | D:5      | Entered Level 5 of the Dungeon
  2894 | D:5      | Reached XP level 6. HP: 57/61 MP: 5/5
  3023 | D:5      | Found a glowing golden altar of the Shining One.
  3423 | D:5      | Noticed Prince Ribbit
  3592 | D:5      | Killed Prince Ribbit
  3592 | D:5      | Reached XP level 7. HP: 20/70 MP: 6/6
  3694 | D:6      | Learned a level 1 spell: Beastly Appendage
  3700 | D:6      | Learned a level 5 spell: Blade Hands
  3715 | D:6      | Reached skill level 5 in Unarmed Combat
  3731 | D:6      | Found Pic Qoux's Distillery.
  3737 | D:6      | Bought a potion of curing for 36 gold pieces
  3737 | D:6      | Bought a potion of degeneration for 12 gold pieces
  3746 | D:6      | Gained mutation: Your mind is acute. (Int +2) [potion of
                  | mutation]
  3746 | D:6      | Gained mutation: You possess an exceptional clarity of
                  | mind. [potion of mutation]
  3746 | D:6      | Gained mutation: You are resistant to hostile enchantments.
                  | (MR+) [potion of mutation]
  4105 | D:6      | Reached XP level 8. HP: 51/79 MP: 7/7
  4422 | D:6      | Found a glowing silver altar of Zin.
  4614 | D:7      | Reached skill level 6 in Unarmed Combat
  4668 | D:7      | Found a staircase to the Ecumenical Temple.
  4773 | D:7      | Reached skill level 5 in Dodging
  4804 | D:7      | Reached skill level 5 in Fighting
  5002 | Temple   | Entered the Ecumenical Temple
  5250 | Temple   | Became a worshipper of the Wu Jian Council
  5250 | Temple   | Reached * piety under Wu Jian
  5250 | Temple   | Reached ** piety under Wu Jian
  5308 | D:7      | Found a basalt altar of Yredelemnul.
  5311 | D:7      | Found a burning altar of Makhleb.
  5313 | D:7      | Found an iron altar of Okawaru.
  5675 | D:8      | Noticed Joseph
  5687 | D:8      | Shot with a sling bullet by Joseph

Skill      XL: |  1  2  3  4  5  6  7  8 |
---------------+-------------------------+-----
Fighting       | 3 4 5 |  5.1
Dodging        | 3 4 5 |  5.1
Unarmed Combat | 4 5 6 |  6.2
Stealth        | 2 3 |  3.4

Action                   |  1- 3 |  4- 6 |  7- 9 || total
-------------------------+-------+-------+-------++-------
Melee: Unarmed           |   106 |   126 |   170 ||   402
       Punch             |     2 |     1 |     6 ||     9
Invok: Whirlwind         |       |       |     2 ||     2
  Use: Scroll            |       |       |    10 ||    10
       Potion            |       |       |     1 ||     1
 Stab: Sleeping          |     2 |     6 |     4 ||    12
  Eat: Chunk             |    17 |    17 |    18 ||    52
Armor: Robe              |    43 |    40 |    72 ||   155
Dodge: Dodged            |    53 |    66 |   148 ||   267
